 Dungeon Crawl Stone Soup version 0.26.1-11-gd32895ea62 (webtiles) character file.

Game seed: 16315948698710020842

18 Zeld the Twirler (level 2, -6/19 HPs)
             Began as an Octopode Gladiator on May 22, 2021.
             Mangled by a worm (11 damage)
             ... on level 2 of the Dungeon.
             The game lasted 00:01:23 (968 turns).

Zeld the Twirler (Octopode Gladiator)                Turns: 968, Time: 00:01:23

Health: -6/19      AC:  1    Str: 13    XL:     2   Next: 66%
Magic:  2/2        EV: 14    Int: 10    God:
Gold:   54         SH:  0    Dex: 13    Spells: 1/1 levels left

rFire    . . .     SeeInvis .   a - +0 quarterstaff
rCold    . . .     Faith    .   (shield currently unavailable)
rNeg     . . .     Spirit   .   b - +0 hat
rPois    .         Reflect  .   (no amulet)
rElec    .         Harm     .   (no ring)
rCorr    .         Rampage  .   (no ring)
Will     .....                  (no ring)
Stlth    ++........             (no ring)
HPRegen  0.06/turn              (no ring)
MPRegen  0.08/turn              (no ring)
                                (no ring)
                                (no ring)

@: no status effects
A: almost no armour, stealthy swim, amphibious, 8 rings, constrict 8, camouflage
1, gelatinous body 1
a: no special abilities


You were on level 2 of the Dungeon.
You visited 1 branch of the dungeon, and saw 2 of its levels.

You collected 54 gold pieces.

Inventory:

Hand Weapons
 a - a +0 quarterstaff (weapon)
Missiles
 c - 3 throwing nets (quivered)
Armour
 b - a +0 hat (worn)
Scrolls
 g - a scroll of remove curse {unknown}
 i - a scroll of identify {unknown}
 j - a scroll of blinking {unknown}
 k - a scroll of magic mapping {unknown}
Potions
 d - 2 potions of flight {unknown}
 e - a potion of berserk rage {unknown}
 f - a potion of curing {unknown}
 h - a potion of haste {unknown}


   Skills:
 - Level 2.0 Fighting
 * Level 3.8 Staves
 - Level 2.0 Throwing
 - Level 3.0 Dodging
 + Level 0.5 Stealth


You had one spell level left.
You didn't know any spells.
Your spell library was empty.

Dungeon Overview and Level Annotations

Branches:
Dungeon (2/15)

Altars:
Nemelex Xobeh


Innate Abilities, Weirdness & Mutations

You cannot wear most types of armour.
You are very stealthy in the water. (Stealth+)
You are amphibious.
You can wear up to eight rings at the same time.
You can use your tentacles to constrict eight enemies at once.
Your skin changes colour to match your surroundings (Stealth+).
Your rubbery body absorbs attacks. (AC +1, EV +1)


Message History

A quokka comes into view.
You see here a scroll labelled ESHRAU LUKUC.
There are monsters nearby!
You closely miss the quokka. Your grab misses the quokka.
Your squeeze misses the quokka. The quokka bites you.
You miss the quokka. Your grab misses the quokka. You squeeze the quokka.
You kill the quokka!
You completely miss the worm. You grab the worm. You constrict the worm.
The worm bites you!
Ouch! That really hurt!
* * * LOW HITPOINT WARNING * * *
You hit the worm.
The worm is moderately wounded.
You constrict the worm.
You are too injured to fight recklessly!
You hit the worm. You squeeze the worm.
The worm is heavily wounded.
You constrict the worm. The worm bites you!
Ouch! That really hurt!
You die...

# #.......# ...
#.......#
...?.#.......#
..............#
.#....###.#####
_..... #.....#
.#.). #...##?##
.........###..#
#...#.##. ##@#
###... .. #w#
#.. ..# #.. ..
..# ..#. ...
#...# ##. # #


You could see a worm.

Vanquished Creatures
  5 bats (D:1)
  A giant cockroach (D:1)
  2 goblins (D:1)
  A hobgoblin (D:1)
  A quokka (D:2)
  2 frilled lizards (D:1)
  3 kobolds (D:1)
  3 rats (D:1)
18 creatures vanquished.

Notes
Turn   | Place    | Note
-------+----------+-------------------------------------------
     0 | D:1      | Zeld the Octopode Gladiator began the quest for the Orb.
     0 | D:1      | Reached XP level 1. HP: 14/14 MP: 1/1
   142 | D:1      | Reached XP level 2. HP: 17/19 MP: 2/2
   953 | D:2      | Found a sparkling altar of Nemelex Xobeh.
   968 | D:2      | Mangled by a worm

Illustrated notes

Levels and vault maps discovered:
D:1:      heliophobic_arrival_battle_scene, layout_basic,
          minmay_misc_feat_four_crosses, minmay_door_square
D:2:      layout_rooms, lemuel_crystal_altar

Action                   || total
-------------------------++-------
Melee: Quarterstaff      ||    29
       Constrict         ||     8
       Tentacles         ||     4
 Stab: Sleeping          ||     8
Armor: Skin              ||     2
Dodge: Dodged            ||    15
